 Dungeon Crawl Stone Soup version 0.31-a0-232-gb1c03b2570 (webtiles) character file.

Game seed: 14097466718287911384

499 qw the Shooter (level 6, -1/52 HPs)
             Began as a Minotaur Hexslinger on July 7, 2023.
             Slain by a gnoll
             ... wielding a +0 whip
             ... led by a gnoll bouda
              (4 damage)
             ... on level 5 of the Dungeon.
             The game lasted 00:01:06 (3715 turns).

qw the Shooter (Minotaur Hexslinger)                Turns: 3715, Time: 00:01:06

Health: -1/52      AC:  8    Str: 12    XL:     6   Next: 94%
Magic:  6/6        EV: 11    Int: 10    God:
Gold:   271        SH:  5    Dex: 21    Spells: 6/7 levels left

rFire   . . .        j - +1 sling (heavy)
rCold   . . .        (no shield)
rNeg    . . .        h - +0 ring mail
rPois   .            (helmet restricted)
rElec   .            (no cloak)
rCorr   .            (no gloves)
SInv    .            m - +2 pair of boots
Will    .....        p - amulet of reflection
Stlth   +            k - +6 ring of dexterity
HPRegen 0.28/turn    (no ring)
MPRegen 0.10/turn

%: reflection
@: about to teleport
A: horns 2, retaliatory headbutt
a: no special abilities


You were on level 5 of the Dungeon.
You visited 1 branch of the dungeon, and saw 5 of its levels.

You collected 297 gold pieces.
You spent 26 gold pieces at shops.


Innate Abilities, Weirdness & Mutations

You have a pair of horns on your head.
You reflexively headbutt those who attack you in melee.


   Skills:
 - Level 4.3 Fighting
 - Level 7.0 Ranged Weapons
 - Level 1.4 Armour
 + Level 2.4 Dodging
 - Level 1.0 Spellcasting
 - Level 2.0 Hexes


You had 6 spell levels left.
You knew the following spells:

 Your Spells              Type           Power      Damage    Failure   Level
a - Slow                  Hex            16%        N/A       32%         1

Your spell library contained the following spells:

 Spells                   Type           Power      Damage    Failure   Level
 Inner Flame              Hex/Fire       2%         N/A       83%         3
 Portal Projectile        Hex/Tloc       4%         N/A       83%         3
 Cause Fear               Hex            2%         N/A       97%         4

Inventory:

Hand Weapons
 j - a +1 heavy sling (weapon)
Armour
 h - a +0 ring mail (worn)
 m - a +2 pair of boots (worn)
Jewellery
 k - a +6 ring of dexterity (left hand)
 p - an amulet of reflection (around neck)
Scrolls
 a - a scroll of vulnerability {unknown}
 b - a scroll of teleportation
 c - a scroll of brand weapon
 l - 4 scrolls of identify
Potions
 d - 3 potions of curing
 e - a potion of might
 g - a potion of mutation
 n - a potion of enlightenment

Dungeon Overview and Level Annotations

Branches:
Dungeon (5/15)
 Temple: D:4-7

Altars:
Gozag

Shops:
D:3 **

Annotations:
D:2 1 runed translucent door, Crazy Yiuf


Message History

The gnoll bouda barks out a call to the hunt!
The gnolls pick up the pace!
The gnoll hits you with a +0 club.
The gnoll bouda hits you with a +0 club.
The gnoll hits you with a +0 club.
You shoot a sling bullet.
The sling bullet hits the gnoll bouda but does no damage.
The gnoll bouda is heavily wounded.
The gnoll bouda hits you with a +0 club!
The gnoll closely misses you. The gnoll bouda barely misses you.
You block the gnoll's attack.
You shoot a sling bullet. The sling bullet hits the gnoll bouda.
The gnoll bouda is severely wounded.
Your attacks no longer feel as feeble.
The gnoll hits you from afar with a +0 spear.
The gnoll bouda prays to its god.
The gnoll bouda is healed somewhat.
The gnoll closely misses you. The gnoll hits you with a +0 club.
The gnoll hits you but does no damage.
The gnoll bouda hits you with a +0 club.
You block the gnoll's attack. The gnoll hits you but does no damage.
You shoot a sling bullet.
The sling bullet barely misses the gnoll bouda.
The gnoll closely misses you.
The gnoll bouda mumbles some strange prayers to its god.
The gnoll bouda is healed somewhat.
The gnoll barely misses you. The gnoll hits you but does no damage.
The gnoll misses you.
You shoot a sling bullet.
The sling bullet hits the gnoll bouda but does no damage.
The gnoll bouda is moderately wounded.
You block the gnoll bouda's attack. The gnoll hits you with a +0 whip.
The gnoll barely misses you. The gnoll misses you.
The gnoll bouda hits you with a +0 club.
You block the gnoll's attack. The gnoll hits you with a +0 club.
3715 ||| READING 2 scrolls of teleportation.
As you read the scroll of teleportation, it crumbles to dust.
You feel strangely unstable. The gnoll barely misses you.
The gnoll bouda hits you with a +0 club.
The gnoll closely misses you. The gnoll hits you with a +0 whip.
You die...

.......# ......# #......#
......#
#......####+##.....)#
#......#.....#......#
#......#.....#......#
#......#.....#......#
#####......#.....g......#
...........#...gg#......#
.......?...#...g@#......#
...........'.....#......#
...........#.....#......#
...........#.....#......#
...........#.....#......#
#
...........#.....#......#
. ...........#.....# .
...........#.....#
##'##......+.....#


You could see a gnoll bouda and 3 gnolls.

Vanquished Creatures
  An ogre (D:5)
  A scorpion (D:3)
  2 hounds
  3 sleepcaps
  2 iguanas
  Natasha (D:3)
  3 gnolls (D:5)
  4 adders
  An ufetubus (D:5)
  2 worms
  A dart slug (D:2)
  4 orcs
  8 ball pythons
  2 bats (D:2)
  4 endoplasms
  A giant cockroach (D:3)
  7 goblins
  3 hobgoblins
  4 jackals (D:1)
  6 quokkas
  3 frilled lizards
  6 kobolds
  4 rats
73 creatures vanquished.

Notes
Turn   | Place    | Note
-------+----------+-------------------------------------------
     0 | D:1      | qw the Minotaur Hexslinger began the quest for the Orb.
     0 | D:1      | Reached XP level 1. HP: 16/16 MP: 1/1
     0 | D:1      | 0 ||| qw: Version: 0.3-a-46-gb1f654a
     0 | D:1      | 0 ||| qw: Game counter: 2747
     0 | D:1      | 0 ||| qw: Melee chars always use a shield: true
     0 | D:1      | 0 ||| qw: God list: Okawaru
     0 | D:1      | 0 ||| qw: Allow faded altars: false
     0 | D:1      | 0 ||| qw: Do Orc after clearing Dungeon:15 true
     0 | D:1      | 0 ||| qw: Do second Lair branch before Depths: true
     0 | D:1      | 0 ||| qw: Lair rune preference: random
     0 | D:1      | 0 ||| qw: Goals: Normal
     0 | D:1      | 0 ||| PLANNING D:1-11
   200 | D:1      | Reached skill level 3 in Ranged Weapons
   200 | D:1      | Reached XP level 2. HP: 23/23 MP: 2/2
   627 | D:1      | 627 ||| UPGRADING to +0 leather armour.
   637 | D:1      | 637 ||| DROPPING +0 robe.
   638 | D:1      | 638 ||| UPGRADING to +0 pair of boots.
   643 | D:1      | 643 ||| UPGRADING to +6 ring of dexterity.
   644 | D:1      | 644 ||| READING 3 scrolls labelled CADAUD RAOWAD.
   645 | D:1      | 645 ||| READING scroll labelled QANGOY KIEJA.
   646 | D:1      | 646 ||| READING 4 scrolls labelled WADALO JOPPI.
   647 | D:1      | 647 ||| READING scroll labelled LOWAF XECIOROI.
   652 | D:1      | 652 ||| READING scroll labelled FAPOECH FAUCA.
   653 | D:1      | 653 ||| READING 3 scrolls of identify.
   653 | D:1      | 653 ||| IDENTIFYING green potion
   654 | D:1      | 654 ||| READING 2 scrolls of identify.
   654 | D:1      | 654 ||| IDENTIFYING ruby potion
   655 | D:1      | 655 ||| DROPPING 2 scrolls of fog.
   656 | D:1      | 656 ||| DROPPING scroll of poison.
   657 | D:1      | 657 ||| DROPPING potion of berserk rage.
   684 | D:2      | Reached XP level 3. HP: 29/29 MP: 3/3
   727 | D:2      | Reached skill level 4 in Ranged Weapons
   898 | D:2      | Found a faded altar of an unknown god.
  1031 | D:2      | Reached XP level 4. HP: 36/36 MP: 4/4
  1307 | D:2      | Found a runed translucent door.
  1308 | D:2      | Noticed Crazy Yiuf
  1475 | D:2      | 1475 ||| READING scroll labelled UTALIKIROMN.
  1476 | D:2      | 1476 ||| READING scroll labelled ISKUIZ HOEPRO.
  1477 | D:2      | 1477 ||| READING 3 scrolls of identify.
  1477 | D:2      | 1477 ||| IDENTIFYING sapphire potion
  1478 | D:2      | 1478 ||| READING 2 scrolls of identify.
  1478 | D:2      | 1478 ||| IDENTIFYING yellow potion
  1543 | D:3      | Found Isudwi's General Store.
  1559 | D:3      | 1559 ||| SHOPLISTING potion of heal wounds (65 gold, have
                  | 61).
  1559 | D:3      | 1559 ||| BUYING scroll of identify (26 gold).
  1559 | D:3      | Bought a scroll of identify for 26 gold pieces
  1580 | D:3      | Noticed a scorpion
  1590 | D:3      | Killed a scorpion
  1591 | D:3      | Reached skill level 5 in Ranged Weapons
  1749 | D:3      | Reached XP level 5. HP: 41/41 MP: 5/5
  1899 | D:3      | Noticed Natasha
  1904 | D:3      | Killed Natasha
  2074 | D:3      | Found an opulent altar of Gozag.
  2076 | D:3      | Found Gozag's Platinum Reserve.
  2093 | D:3      | 2093 ||| SHOPLISTING +0 pair of gloves of the Sneaky
                  | Artists {Str-3 Int+3} (1150 gold, have 121).
  2093 | D:3      | 2093 ||| SHOPLISTING +8 sling of Qiroh {drain, Fly Str-5
                  | Dex+3} (4760 gold, have 121).
  2093 | D:3      | 2093 ||| SHOPLISTING amulet of Yfucoab {Spirit Harm rF- rC+
                  | Regen+} (3700 gold, have 121).
  2159 | D:3      | Reached skill level 3 in Fighting
  2284 | D:3      | 2284 ||| UPGRADING to +0 ring mail.
  2294 | D:3      | 2294 ||| DROPPING +0 leather armour.
  2295 | D:3      | 2295 ||| UPGRADING to amulet of reflection.
  2300 | D:3      | 2300 ||| READING scroll labelled ZOSTODDOHEYP.
  2301 | D:3      | 2301 ||| READING scroll labelled CITWARU UVYQIO.
  2302 | D:3      | 2302 ||| READING scroll labelled RATUIG MEN.
  2303 | D:3      | 2303 ||| READING scroll labelled WIBUID VAUDWAQ.
  2304 | D:3      | 2304 ||| READING 4 scrolls of identify.
  2304 | D:3      | 2304 ||| IDENTIFYING golden potion
  2347 | D:4      | Reached skill level 1 in Armour
  2399 | D:4      | 2399 ||| READING scroll of enchant armour.
  2399 | D:4      | 2399 ||| ENCHANTING +0 pair of boots.
  2496 | D:4      | Reached skill level 6 in Ranged Weapons
  3151 | D:4      | 3151 ||| READING 4 scrolls of identify.
  3151 | D:4      | 3151 ||| IDENTIFYING viscous grey potion
  3152 | D:4      | 3152 ||| DROPPING potion of lignification.
  3162 | D:5      | Entered Level 5 of the Dungeon
  3169 | D:5      | Reached XP level 6. HP: 44/51 MP: 6/6
  3169 | D:5      | 3169 ||| STAIRDANCE
  3264 | D:5      | 3264 ||| READING scroll of enchant armour.
  3264 | D:5      | 3264 ||| ENCHANTING +1 pair of boots.
  3383 | D:5      | 3383 ||| Stepping ~*~*~tactically~*~*~ (water).
  3694 | D:5      | Reached skill level 7 in Ranged Weapons
  3702 | D:5      | 3702 ||| FLEEEEING.
  3703 | D:5      | 3703 ||| FLEEEEING.
  3704 | D:5      | 3704 ||| FLEEEEING.
  3714 | D:5      | HP: 9/52 [gnoll/+0 club[a gnoll bouda] (5)]
  3715 | D:5      | 3715 ||| READING 2 scrolls of teleportation.
  3715 | D:5      | HP: 3/52 [gnoll bouda/+0 club (6)]
  3715 | D:5      | Slain by a gnoll

Levels and vault maps discovered:
D:1:      dpeg_arrival_simpleton_c, layout_loops_ring
D:2:      layout_basic, shapermc_ecumenical_altar_starsandcircs,
          kennysheep_cross_room, chequers_serial_rivers_large_b, st_stairs_3,
          uniq_crazy_yiuf_cottage
D:3:      layout_basic, nicolae_gozag_zags_fifth_avenue, serial_shops, shop,
          uniq_natasha
D:4:      layout_cave_pods, chequers_decorated_corner
D:5:      layout_gridville, kennysheep_generic_room_13

Skill      XL: |  1  2  3  4  5  6 |
---------------+-------------------+-----
Ranged Weapons | 3 4 5 6 7 |  7.0
Fighting       | 2 3 4 |  4.3
Armour         | 1 |  1.4
Dodging        | |  2.4
Spellcasting   | |  1.0
Hexes          | |  2.0

Action                     |  1- 3 |  4- 6 || total
---------------------------+-------+-------++-------
   Fire: Sling             |    81 |    95 ||   176
    Use: Scroll            |     7 |    13 ||    20
 Armour: Robe              |     2 |       ||     2
         Leather armour    |     6 |     5 ||    11
         Ring mail         |       |     7 ||     7
  Dodge: Dodged            |    25 |    53 ||    78
  Block: Other             |       |    12 ||    12

Table legend:
 A = Non-vault XP
 B = Vault XP
 C = Vault XP percentage of total XP
 D = Non-vault monster count
 E = Vault monster count
 F = Vault count percentage of total count
                 A         B        C        D         E       F
            +---------+---------+-------+---------+---------+-------
      Total |     651 |      62 |   8.7 |      69 |       4 |   5.5
            +---------+---------+-------+---------+---------+-------
        D:1 |      36 |       0 |   0.0 |      21 |       0 |   0.0
        D:2 |      59 |      15 |  20.3 |      19 |       2 |   9.5
        D:3 |     107 |      33 |  23.6 |      10 |       1 |   9.1
        D:4 |     130 |       0 |   0.0 |       8 |       0 |   0.0
        D:5 |     319 |      14 |   4.2 |      11 |       1 |   8.3
            +---------+---------+-------+---------+---------+-------
